 Dungeon Sprint DCSS version 0.32-a0-433-g08bcfe7efd (webtiles) character file.

Game seed: 16137414457357983033

227741 adelrune the Minotaur Aeon (level 16, -8/178 HPs)
             Began as a Minotaur Fighter on Feb 22, 2024.
             Was the Champion of Cheibriados.
             Engulfed by a cloud of excruciating misery (9 damage)
             ... in the Dungeon (Sprint IX: "|||||||||||||||||||||||||||||").
             The game lasted 00:18:48 (7006 turns).

adelrune the Minotaur Aeon (Minotaur Fighter)       Turns: 7006, Time: 00:18:49

Health: -8/178     AC: 34    Str: 40    XL:     16   Next: 81%
Magic:  32/32      EV: 34    Int: 20    God:    Cheibriados [******]
Gold:   1969       SH: 30    Dex: 32    Spells: 15/15 levels left

rFire   . . .        I - +9 demon whip
rCold   . . .        D - +1 tower shield
rNeg    . . .        G - +0 storm dragon scales
rPois   .            N - +1 hat
rElec   +            E - +1 cloak
rCorr   .            o - +0 pair of gloves
SInv    .            O - +1 pair of boots
Will    +....        M - amulet of magic regeneration Stlth
                     r - +3 ring of dexterity
HPRegen 0.49/turn    F - +4 ring of protection
MPRegen 0.63/turn

%: no teleportation
@: very slow
A: horns 2, retaliatory headbutt
}: 5/17 runes: decaying, serpentine, barnacled, silver, gossamer
a: Renounce Religion, Bend Time, Temporal Distortion, Slouch, Step From Time


You were in the Dungeon.
You worshipped Cheibriados.
Cheibriados was exalted by your worship.
You visited 1 branch You collected 1969 gold pieces.

Inventory:

Hand Weapons
 n - a +2 morningstar of protection
 I - a +9 demon whip (weapon)
Missiles
 H - 7 throwing nets (quivered)
Armour
 b - a +0 plate armour
 c - a +0 buckler
 o - a +0 pair of gloves (worn)
 p - a +1 chain mail
 x - a +0 cloak
 D - a +1 tower shield (worn)
 E - a +1 cloak (worn)
 G - +0 storm dragon scales (worn)
 N - a +1 hat (worn)
 O - a +1 pair of boots (worn)
Jewellery
 a - a ring of positive energy
 q - a +3 ring of intelligence
 r - a +3 ring of dexterity (left hand)
 w - a +6 ring of dexterity
 z - a ring of flight
 A - a ring of protection from fire
 B - a ring of poison resistance
 C - a ring of fire
 F - a +4 ring of protection (right hand)
 J - a +4 ring of protection
 K - a +6 ring of dexterity
 L - a +6 ring of strength
 M - an amulet of magic regeneration (around neck)
Wands
 m - a wand of iceblast (5)
 y - a wand of polymorph (12)
Scrolls
 j - 2 scrolls of blinking
 l - 2 scrolls of amnesia
 s - 3 scrolls of identify
 t - 8 scrolls of enchant armour
 u - 2 scrolls of fear
 v - a scroll of immolation
 Q - 4 scrolls of enchant weapon
 R - a scroll of poison
Potions
 d - 2 potions of might
 e - a potion of invisibility
 f - 6 potions of heal wounds
 g - a potion of haste
 h - 3 potions of magic
 i - 5 potions of berserk rage
 k - 7 potions of curing
 P - a potion of mutation
Miscellaneous
 S - a lightning rod (4/4)


   Skills:
 - Level 25.3 Fighting
 - Level 25.1 Maces & Flails
 - Level 25.3 Armour
 - Level 22.6 Dodging
 - Level 24.6 Shields
 - Level 26.8 Invocations
 + Level 0.0 Evocations


You had 15 spell levels left.
You didn't know any spells.
Your spell library contained the following spells:

 Spells                   Type           Power      Damage    Failure   Level
 Magic Dart               Conj           0%         1d3       36%         1
 Slow                     Hex            0%         N/A       36%         1
 Fugue of the Fallen      Necr           0%         N/A       75%         3
 Ozocubu's Armour         Ice            0%         N/A       75%         3
 Cause Fear               Hex            0%         N/A       98%         4
 Manifold Assault         Tloc           0%         N/A       98%         4
 Fireball                 Conj/Fire      0%         3d3       100%        5
 Dragon's Call            Summ           0%         N/A       100%        9


Dungeon Overview and Level Annotations

Branches:
Dungeon (1/1)

Altars:
Cheibriados
Dithmenos
Elyvilon
Fedhas
Gozag
Hepliaklqana
Kikubaaqudgha
Makhleb
Nemelex Xobeh
Okawaru
Qazlal
Ru
Sif Muna
Trog
Uskayaw
Vehumet
Wu Jian
Xom
Yredelemnul
Zin
The Shining One
Beogh
Jiyva
Lugonu

Shops:
D (*::


Innate Abilities, Weirdness & Mutations

You have a pair of horns on your head.
You reflexively headbutt those who attack you in melee.


Message History

Boris is lightly damaged.
You are engulfed in excruciating misery.
You block Boris's attack. x2
You thrash Boris!!
Boris is moderately damaged.
You are engulfed in excruciating misery.
You hit Boris. Your headbutt misses Boris.
Boris is moderately damaged.
You are engulfed in excruciating misery.
Boris completely misses you. You block Boris's attack.
You whack Boris!
Boris is moderately damaged.
You are engulfed in excruciating misery.
You thrash Boris!!
Boris is heavily damaged.
You are engulfed in excruciating misery.
You block Boris's attack. x2
You barely miss Boris. You headbutt Boris, but do no damage.
Boris is heavily damaged.
You are engulfed in excruciating misery.
You whack Boris! You headbutt Boris, but do no damage.
Boris is severely damaged.
You are engulfed in excruciating misery.
Boris completely misses you. Boris touches you but does no damage.
You hit Boris but do no damage. You headbutt Boris.
Boris is severely damaged.
You are engulfed in excruciating misery.
You whack Boris!
Boris is severely damaged.
You are engulfed in excruciating misery.
Boris points at you and mumbles some strange words.
The iron shot hits you!!!
* * * LOW HITPOINT WARNING * * *
You thrash Boris!! You headbutt Boris!!
You destroy Boris!
Cheibriados appreciates the change of pace.
Boris says, "I'll get you next time!"
You are engulfed in excruciating misery.
You die...
Cheibriados appreciates the motionlessness of death.

▓▓▓▓▓▓▓▓▓▓▓▓▓▓▓▓▓▓▓▓▓
▓....................
▓.▓▓▓▓▓▓▓▓▓▓▓▓▓▓▓▓▓▓▓
▓..[@.○☼○○○([[[[[..).
▓▓▓▓▓▓▓▓▓▓▓▓▓▓▓▓▓▓▓▓▓
▓........))..........
▓.▓▓▓▓▓▓▓▓▓▓▓▓▓▓▓▓▓▓▓
▓....'........)))))).
▓▓▓▓▓▓▓▓▓▓▓▓▓▓▓▓▓▓▓▓▓
▓....................
▓.▓▓▓▓▓▓▓▓▓▓▓▓▓▓▓▓▓▓▓
▓..........'.........


There were no monsters in sight!

Vanquished Creatures
  Frederick (D)
  An ancient lich (D)
  Boris (D)
  Margery (D)
  A hellephant (D)
  A tengu reaver (D)
  Aizul (D)
  7 shadow dragons (D)
  Ilsuiw (D)
  A fire giant (D)
  4 emperor scorpions (D)
  5 nagarajas (D)
  4 vault wardens (D)
  Louise (D)
  3 ghost moths (D)
  3 ironbound preservers (D)
  3 very ugly things (D)
  A vampire knight (D)
  4 stone giants (D)
  An eleionoma (D)
  3 ironbound thunderhulks (D)
  A deep elf demonologist (D)
  2 war gargoyles (D)
  5 merfolk impalers (D)
  3 ettins (D)
  4 merfolk javelineers (D)
  3 yaktaur captains (D)
  2 entropy weavers (D)
  A fire dragon (D)
  A deep elf high priest (D)
  A great orb of eyes (D)
  26 vault guards (D)
  Harold (D)
  11 hydras (D)
  2 ogre magi (D)
  A salamander tyrant (D)
  Erica (D)
  A radroach (D)
  An ice dragon (D)
  A rakshasa (D)
  2 alligators (D)
  3 boulder beetles (D)
  A two-headed ogre (D)
  An ironbound frostheart (D)
  A satyr (D)
  2 deep troll earth magi (D)
  2 tengu warriors (D)
  A death yak (D)
  A merfolk aquamancer (D)
  2 demonic crawlers (D)
  4 naga warriors (D)
  3 shock serpents (D)
  Urug (D)
  4 hell knights (D)
  2 iron trolls (D)
  A spriggan (D)
  A skeletal warrior (D)
  A sea snake (D)
  A mana viper (D)
  3 glowing orange brains (D)
  A flayed ghost (D)
  A goliath frog (D)
  A steelbarb worm (shapeshifter) (D)
  An orb spider (D)
  An arcanist (D)
  A phantasmal warrior (D)
  6 swamp dragons (D)
  6 deep trolls (D)
  2 ironbound convokers (D)
  2 harpies (D)
  An ugly thing (D)
  2 necromancers (D)
  4 wolf spiders (D)
  3 orc knights (D)
  2 cyclopes (D)
  3 manticores (D)
  Joseph (D)
  Maurice (D)
  4 vault sentinels (D)
  9 elephants (D)
  A guardian serpent (D)
  2 moths of wrath (D)
  A merfolk siren (D)
  3 black mambas (D)
  A water nymph (shapeshifter) (D)
  A torpor snail (D)
  A rime drake (D)
  4 komodo dragons (D)
  A tengu conjurer (D)
  3 merfolk (D)
  3 trolls (D)
  A hornet (D)
  A glass eye (D)
  A dream sheep (shapeshifter) (D)
  A glass eye (shapeshifter) (D)
  A snapping turtle (D)
  A dream sheep (D)
  2 blink frogs (D)
  3 jumping spiders (D)
  A shadow (D)
  A slime creature (D)
  A wraith (D)
  2 yaks (D)
  A wyvern (D)
  2 basilisks (D)
  Eustachio (D)
  A redback (D)
  5 nagas (D)
  2 water moccasins (D)
  11 orc warriors (D)
  A swamp drake (D)
  A centaur (D)
  2 bullfrogs (D)
  A gnoll sergeant (D)
  A wight (D)
  A howler monkey (D)
  A bombardier beetle (D)
  A hound (D)
  3 orc priests (D)
  A sleepcap (D)
  3 orc wizards (D)
  A dart slug (D)
  8 orcs (D)
  A ball python (D)
  A hobgoblin (D)
  2 rats (D)
294 creatures vanquished.

Vanquished Creatures (others)
  A merfolk aquamancer (D)
  A will-o-the-wisp (D)
2 creatures vanquished.

Grand Total: 296 creatures vanquished

Notes
Turn   | Place    | Note
-------+----------+-------------------------------------------
     0 | D        | adelrune the Minotaur Fighter began the quest for the Orb.
     0 | D        | Reached XP level 1. HP: 19/19 MP: 0/0
    14 | D        | Reached skill level 1 in Dodging
    27 | D        | Noticed a hound
    27 | D        | Noticed a bombardier beetle
    27 | D        | Noticed a water moccasin
    27 | D        | Noticed a sleepcap
    30 | D        | Killed a sleepcap
    31 | D        | Reached XP level 2. HP: 28/28 MP: 1/1
    31 | D        | Reached XP level 3. HP: 34/34 MP: 2/2
    38 | D        | Killed a water moccasin
    39 | D        | Reached XP level 4. HP: 5/44 MP: 3/3
    39 | D        | Reached XP level 5. HP: 5/50 MP: 4/4
   193 | D        | Found a roughly hewn altar of Beogh.
   193 | D        | Found a snail-covered altar of Cheibriados.
   193 | D        | Found a shadowy altar of Dithmenos.
   193 | D        | Found a white marble altar of Elyvilon.
   193 | D        | Found a blossoming altar of Fedhas.
   193 | D        | Found an opulent altar of Gozag.
   194 | D        | Found a hazy altar of Hepliaklqana.
   195 | D        | Found a viscous altar of Jiyva.
   196 | D        | Found an ancient bone altar of Kikubaaqudgha.
   197 | D        | Became a worshipper of Cheibriados the Contemplative
   198 | D        | Found a corrupted altar of Lugonu.
   199 | D        | Found a burning altar of Makhleb.
   200 | D        | Found a sparkling altar of Nemelex Xobeh.
   201 | D        | Found an iron altar of Okawaru.
   202 | D        | Found a stormy altar of Qazlal.
   203 | D        | Found a sacrificial altar of Ru.
   204 | D        | Found a shimmering blue altar of Sif Muna.
   205 | D        | Found a bloodstained altar of Trog.
   206 | D        | Found a hide-covered altar of Uskayaw.
   207 | D        | Found a radiant altar of Vehumet.
   208 | D        | Found an ornate altar of the Wu Jian Council.
   209 | D        | Found a shimmering altar of Xom.
   210 | D        | Found a basalt altar of Yredelemnul.
   211 | D        | Found a glowing silver altar of Zin.
   212 | D        | Found a glowing golden altar of the Shining One.
   256 | D        | Noticed a yak
   256 | D        | Noticed a two-headed ogre
   256 | D        | Noticed a wraith
   256 | D        | Noticed a shadow
   263 | D        | Killed a shadow
   264 | D        | Reached skill level 5 in Dodging
   264 | D        | Reached XP level 6. HP: 47/61 MP: 5/5
   272 | D        | Killed a two-headed ogre
   272 | D        | Reached * piety under Cheibriados
   273 | D        | Reached XP level 7. HP: 36/70 MP: 6/6
   288 | D        | Killed a wraith
   289 | D        | Reached XP level 8. HP: 23/78 MP: 7/7
   289 | D        | HP: 3/78 [wight/+0 mace (6)]
   298 | D        | Reached ** piety under Cheibriados
   307 | D        | Reached skill level 10 in Fighting
   307 | D        | Reached skill level 10 in Armour
   409 | D        | Noticed a cyclops
   409 | D        | Noticed a manticore
   409 | D        | Noticed a brown ugly thing
   425 | D        | Killed a brown ugly thing
   426 | D        | Reached skill level 10 in Shields
   432 | D        | Killed a manticore
   432 | D        | Reached *** piety under Cheibriados
   433 | D        | Reached XP level 9. HP: 14/86 MP: 8/8
   438 | D        | Reached **** piety under Cheibriados
   442 | D        | Killed a cyclops
   443 | D        | Reached skill level 15 in Maces & Flails
   724 | D        | Noticed a black mamba
   726 | D        | Noticed a four-headed hydra
   729 | D        | Killed a black mamba
   730 | D        | Reached skill level 1 in Invocations
   735 | D        | Reached ***** piety under Cheibriados
   736 | D        | Reached skill level 2 in Invocations
   737 | D        | Noticed a komodo dragon
   740 | D        | Killed a four-headed hydra
   741 | D        | Reached skill level 10 in Dodging
   741 | D        | Reached skill level 4 in Invocations
   743 | D        | Reached XP level 10. HP: 81/97 MP: 9/12
   755 | D        | Reached ****** piety under Cheibriados
   765 | D        | Reached skill level 5 in Invocations
   973 | D        | Noticed an eight-headed hydra
   973 | D        | Noticed an elephant
   982 | D        | Noticed a death yak
   985 | D        | Reached skill level 6 in Invocations
   989 | D        | Killed an eight-headed hydra
   993 | D        | Killed an elephant
   997 | D        | Reached skill level 7 in Invocations
  1006 | D        | Killed a death yak
  1164 | D        | Noticed an elephant
  1164 | D        | Noticed an elephant
  1164 | D        | Noticed an elephant
  1164 | D        | Noticed an elephant
  1164 | D        | Noticed an elephant
  1164 | D        | Noticed an elephant
  1167 | D        | Killed an elephant
  1168 | D        | Reached skill level 8 in Invocations
  1168 | D        | Reached XP level 11. HP: 107/107 MP: 14/16
  1194 | D        | Reached skill level 9 in Invocations
  1252 | D        | Noticed Joseph
  1258 | D        | Killed Joseph
  1319 | D        | Noticed Erica
  1325 | D        | Killed Erica
  1365 | D        | Noticed a stone giant
  1375 | D        | Killed a stone giant
  1376 | D        | Reached skill level 10 in Invocations
  1429 | D        | Noticed an orc knight
  1444 | D        | Killed an orc knight
  1516 | D        | Found Idghuli's Book Boutique.
  1516 | D        | Noticed an ogre mage
  1516 | D        | Noticed a deep troll
  1516 | D        | Noticed an ogre mage
  1523 | D        | Killed an ogre mage
  1524 | D        | Reached skill level 11 in Invocations
  1530 | D        | Killed a deep troll
  1540 | D        | Killed an ogre mage
  1541 | D        | Reached XP level 12. HP: 114/118 MP: 19/19
  1542 | D        | Found Kyliko's Book Shop.
  1544 | D        | Found Uttoog's Assorted Antiques.
  1551 | D        | Reached skill level 15 in Armour
  1557 | D        | Reached skill level 15 in Fighting
  1563 | D        | Reached skill level 12 in Invocations
  1563 | D        | Found Zifuib's Antique Weapon Shop.
  1692 | D        | Noticed Urug
  1693 | D        | Noticed Maurice
  1698 | D        | Killed Urug
  1699 | D        | Reached skill level 15 in Shields
  1703 | D        | Killed Maurice
  1866 | D        | Noticed a boulder beetle
  1866 | D        | Noticed a boulder beetle
  1866 | D        | Noticed a boulder beetle
  1880 | D        | Killed a boulder beetle
  1886 | D        | Noticed an ice dragon
  1890 | D        | Killed a boulder beetle
  1900 | D        | Killed a boulder beetle
  1901 | D        | Reached skill level 13 in Invocations
  1903 | D        | Noticed a tengu warrior
  1917 | D        | Noticed a fire dragon
  1931 | D        | Killed an ice dragon
  1942 | D        | Killed a fire dragon
  1953 | D        | Killed a tengu warrior
  2015 | D        | Noticed a deep troll earth mage
  2027 | D        | Killed a deep troll earth mage
  2058 | D        | Noticed a fire giant
  2064 | D        | Killed a fire giant
  2065 | D        | Reached skill level 14 in Invocations
  2065 | D        | Reached XP level 13. HP: 82/130 MP: 22/22
  2218 | D        | Noticed Harold
  2228 | D        | Killed Harold
  2238 | D        | Noticed Eustachio
  2250 | D        | Killed Eustachio
  2274 | D        | Identified the serpent talisman of the Stone Wall {Int+4
                  | Dex+2}
  2274 | D        | Noticed Aizul
  2289 | D        | Killed Aizul
  2516 | D        | Noticed an eleionoma
  2536 | D        | Killed an eleionoma
  2559 | D        | Reached skill level 15 in Invocations
  2758 | D        | Reached skill level 15 in Dodging
  2958 | D        | Noticed a merfolk impaler
  2962 | D        | Reached skill level 16 in Invocations
  2967 | D        | Killed a merfolk impaler
  3080 | D        | Reached XP level 14. HP: 99/143 MP: 14/25
  3316 | D        | Noticed a stone giant
  3316 | D        | Noticed a tengu reaver
  3320 | D        | Reached skill level 17 in Invocations
  3327 | D        | Killed a tengu reaver
  3328 | D        | Killed a stone giant
  3330 | D        | Noticed a shadow dragon
  3349 | D        | HP: 3/139 [shadow dragon/bolt of negative energy (24)]
  3363 | D        | Killed a shadow dragon
  3639 | D        | Noticed a vampire knight
  3659 | D        | Killed a vampire knight
  3849 | D        | Noticed a red very ugly thing
  3855 | D        | Reached skill level 18 in Invocations
  3862 | D        | Killed a red very ugly thing
  4047 | D        | Noticed an ironbound preserver
  4047 | D        | Noticed an ironbound preserver
  4047 | D        | Noticed a vault warden
  4064 | D        | Killed a vault warden
  4071 | D        | Killed an ironbound preserver
  4085 | D        | Noticed a vault warden
  4089 | D        | Killed an ironbound preserver
  4103 | D        | Noticed an ironbound preserver
  4112 | D        | Killed a vault warden
  4113 | D        | Reached skill level 19 in Invocations
  4114 | D        | Noticed an ironbound thunderhulk
  4123 | D        | Killed an ironbound preserver
  4126 | D        | Noticed an ironbound thunderhulk
  4142 | D        | HP: 7/147 [ironbound thunderhulk/bolt of lightning (14)]
  4149 | D        | Killed an ironbound thunderhulk
  4150 | D        | Noticed an ironbound thunderhulk
  4152 | D        | Killed an ironbound thunderhulk
  4157 | D        | Killed an ironbound thunderhulk
  4368 | D        | Identified the orb of the Ace of Wands {light, Int-2 Hexes
                  | Alchemy}
  4368 | D        | Noticed Frederick
  4395 | D        | Killed Frederick
  4396 | D        | Reached skill level 20 in Invocations
  4396 | D        | Reached XP level 15. HP: 86/156 MP: 26/28
  4782 | D        | Noticed Louise
  4793 | D        | Killed Louise
  4821 | D        | Noticed an emperor scorpion
  4821 | D        | Noticed an emperor scorpion
  4837 | D        | Killed an emperor scorpion
  4837 | D        | Killed an emperor scorpion
  4857 | D        | Noticed an emperor scorpion
  4858 | D        | Noticed an emperor scorpion
  4870 | D        | Killed an emperor scorpion
  4871 | D        | Reached skill level 21 in Invocations
  4877 | D        | Killed an emperor scorpion
  4883 | D        | Got a gossamer rune of Zot
  5178 | D        | Got a decaying rune of Zot
  5185 | D        | Noticed a nagaraja
  5185 | D        | Noticed a nagaraja
  5185 | D        | Noticed a nagaraja
  5186 | D        | Noticed a nagaraja
  5190 | D        | Killed a nagaraja
  5195 | D        | Killed a nagaraja
  5196 | D        | Reached skill level 22 in Invocations
  5202 | D        | Killed a nagaraja
  5203 | D        | Noticed a nagaraja
  5207 | D        | Killed a nagaraja
  5223 | D        | Killed a nagaraja
  5250 | D        | Got a serpentine rune of Zot
  5443 | D        | Noticed Ilsuiw
  5472 | D        | Killed Ilsuiw
  5515 | D        | Reached skill level 23 in Invocations
  5566 | D        | Got a barnacled rune of Zot
  5759 | D        | Noticed Margery
  5761 | D        | Noticed a hellephant
  5775 | D        | Killed Margery
  5807 | D        | Killed a hellephant
  6084 | D        | Reached XP level 16. HP: 172/172 MP: 30/30
  6095 | D        | Reached skill level 24 in Invocations
  6196 | D        | Reached skill level 25 in Invocations
  6250 | D        | Noticed a shadow dragon
  6280 | D        | Killed a shadow dragon
  6291 | D        | Noticed a shadow dragon
  6307 | D        | Reached skill level 26 in Invocations
  6309 | D        | Killed a shadow dragon
  6583 | D        | Got the Grimoire of Vexing Momentum
  6601 | D        | Noticed a shadow dragon
  6601 | D        | Noticed a shadow dragon
  6601 | D        | Noticed a shadow dragon
  6614 | D        | Killed a shadow dragon
  6623 | D        | Killed a shadow dragon
  6624 | D        | Noticed a shadow dragon
  6630 | D        | Killed a shadow dragon
  6631 | D        | Noticed an ancient lich
  6649 | D        | Killed an ancient lich
  6661 | D        | Killed a shadow dragon
  6662 | D        | Identified the +2 dagger of the Gazing Asp {flame, Dex+3}
  6664 | D        | Got a silver rune of Zot
  6665 | D        | Identified the +5 scimitar of Ziukkel {flame, rN+ Will-
                  | Int+2}
  6719 | D        | Identified the +2 robe of the Thistle {rPois}
  6719 | D        | Noticed Boris
  6725 | D        | HP: 3/178 [Boris] (9)]
  7005 | D        | HP: 1/178 [Boris/iron shot (68)]
  7006 | D        | Killed Boris
  7006 | D        | Engulfed by a cloud of excruciating misery

Illustrated notes

Levels and vault maps discovered:
D:        linesprint [early_d, line_temple, items_1, d_10, items_2, lair_1,
          lair_end, items_3, orc_1, orc_end, items_4, d_15, swamp_1, shoals_1,
          snake_1, spider_1, d_20, vaults_1, items_5, swamp_end, shoals_end,
          snake_end, spider_end, vaults_end, d_27, items_6, zot_1, zot_end,
          crypt_end, forest_end, elf_end, slime_end, tomb_end, abyss_end,
          pan_hell_end]

Skill      XL: |  1  2  3  4  5  6  7  8  9 10 11 12 13 14 15 16 |
---------------+-------------------------------------------------+-----
Maces & Flails | 4 7 9 12 14 16 17 19 21 24 25 | 25.1
Fighting       | 4 6 7 9 10 12 13 14 16 18 20 23 25 | 25.3
Armour         | 4 6 7 9 10 12 13 14 16 18 20 23 25 | 25.3
Dodging        | 2 4 5 7 9 10 11 12 14 15 18 20 22 | 22.6
Shields        | 4 6 7 9 10 11 12 14 15 17 19 22 24 | 24.6
Invocations    | 4 8 11 14 16 20 23 26 | 26.8

Action                     |  1- 3 |  4- 6 |  7- 9 | 10-12 | 13-15 | 16-18 || total
---------------------------+-------+-------+-------+-------+-------+-------++-------
  Melee: Flail             |    28 |    10 |       |       |       |       ||    38
         Headbutt          |     2 |     4 |    20 |    96 |   218 |    74 ||   414
         Morningstar       |       |    16 |    79 |   297 |   247 |       ||   639
         Demon whip        |       |       |       |       |   375 |   240 ||   615
 Invoke: Slouch            |       |       |       |     1 |    20 |     9 ||    30
         Bend Time         |       |       |       |       |     1 |       ||     1
         Step From Time    |       |       |       |       |       |     1 ||     1
  Evoke: Wand              |       |       |       |     5 |       |       ||     5
    Use: Potion            |       |     1 |     3 |     1 |    10 |       ||    15
         Scroll            |       |       |       |       |     8 |     1 ||     9
 Armour: Scale mail        |    20 |     5 |       |       |       |       ||    25
         Chain mail        |       |     6 |    50 |    56 |       |       ||   112
         Plate armour      |       |       |       |    40 |       |       ||    40
         Storm dragon scal |       |       |       |    27 |   188 |    34 ||   249
  Dodge: Dodged            |    16 |    11 |    35 |   148 |   253 |    46 ||   509
  Block: Buckler           |     3 |     4 |    20 |    85 |       |       ||   112
         Tower shield      |       |       |       |   117 |   670 |   145 ||   932

Table legend: (Time is in decaauts)
 A = Elapsed time spent in this place.
 B = Non-inter-level travel time spent in this place.
 C = Inter-level travel time spent in this place.
 D = Time resting spent in this place.
 E = Time spent auto-exploring this place.
 F = Levels seen in this place.
 G = Mean time per level.
                   A        B        C        D        E       F      G
               +--------+--------+--------+--------+--------+-----+--------+
         Total |   8213 |   8213 |      0 |   3506 |   1894 |   1 | 8213.0 |
       Dungeon |   8213 |   8213 |      0 |   3506 |   1894 |   1 | 8213.0 |
               +--------+--------+--------+--------+--------+-----+--------+

Top non-repeatable levels by time:
       D: 8213 daAuts
